 Dungeon Crawl Stone Soup version 0.31-a0-631-g285b096dc4 (webtiles) character file.

Game seed: 2634614696543085276

45 inmateoo the Ogre Mage (level 3, -1/36 HPs)
             Began as an Ogre Air Elementalist on Aug 26, 2023.
             Slain by an iguana (13 damage)
             ... on level 3 of the Dungeon.
             The game lasted 00:04:05 (2179 turns).

inmateoo the Ogre Mage (Ogre Air Elementalist)      Turns: 2179, Time: 00:04:06

Health: -1/36      AC:  4    Str: 10 (12) XL:     3   Next: 64%
Magic:  7/7        EV:  9    Int: 15 (18) God:
Gold:   74         SH:  0    Dex:  7 (9)  Spells: 7/8 levels left

rFire   . .          .
                       - Unarmed
rCold   . . .        (no shield)
rNeg    . . .        a - +1 robe
rPois   .            (helmet currently unavailable)
rElec   .            (cloak currently unavailable)
rCorr   .            (gloves unavailable)
SInv    .            (boots unavailable)
Will    .....        (no amulet)
Stlth   +            (no ring)
HPRegen 0.26/turn    (no ring)
MPRegen 0.10/turn

%: no passive effects
@: beast-form
A: beast (slay +0), large, unfitting armour, tough skin 1
a: Begin Untransformation


You were on level 3 of the Dungeon.
You were a hulking beast.
You visited 1 branch of the dungeon, and saw 3 of its levels.

You collected 74 gold pieces.

Inventory:

Hand Weapons
 f - a +0 whip
Armour
 a - a +1 robe (worn)
Talismans
 k - a beast talisman (active)
Scrolls
 c - a scroll of identify
 i - 2 scrolls of vulnerability
Potions
 b - a potion of magic
 e - 3 potions of enlightenment
 m - a potion of attraction


   Skills:
 + Level 2.3 Fighting
 - Level 1.7 Dodging
 - Level 1.4 Stealth
 + Level 1.4 Unarmed Combat
 - Level 3.0 Spellcasting
 - Level 0.8 Conjurations
 - Level 2.6 Air Magic
 + Level 0.4 Shapeshifting


You had 7 spell levels left.
You knew the following spells:

 Your Spells              Type           Power      Damage    Failure   Level
a - Shock                 Conj/Air       28%        1d4       10%         1

Your spell library contained the following spells:

 Spells                   Type           Power      Damage    Failure   Level
 Static Discharge         Conj/Air       14%        2-3/arc   14%         2
 Freeze                   Ice            8%         1d3       21%         1
 Swiftness                Air            10%        N/A       21%         3
 Hailstorm                Conj/Ice       3%         3d3       45%         3
 Frozen Ramparts          Ice            4%         1d1       52%         3
 Airstrike                Air            5%         2d(1-17)  54%         4


Dungeon Overview and Level Annotations

Branches:
Dungeon (3/15)

Altars:


Innate Abilities, Weirdness & Mutations

You are a hulking beast.
Your limbs bulge with bestial killing power. (Slay +0)
You are too large for most types of armour.
You have tough skin. (AC +1)


Message History

a +0 short sword; a kobold corpse; a ball python corpse
There is an open door, spattered with blood here.
You start resting.
HP restored.
There is an open door, spattered with blood here.
Things that are here:
a +0 short sword; a kobold corpse; a ball python corpse You open the door.
Found an escape hatch in the ceiling.
There is an open door here.
There is an open door here.
You open the door.
Found a stone staircase leading down.
There is an open door here.
There is an open door here.
You open the door.
An iguana comes into view.
Found a stone staircase leading up.
There is an open door here.
The helpless iguana fails to defend itself.
You hit the iguana.
The iguana is lightly wounded.
The iguana bites you!
You hit the iguana.
The iguana is moderately wounded.
The iguana bites you.
You barely miss the iguana.
The iguana is moderately wounded.
The iguana bites you!
You closely miss the iguana.
The iguana is moderately wounded.
The iguana bites you!
* * * LOW HITPOINT WARNING * * *
You are too injured to fight recklessly!
You hit the iguana.
The iguana is heavily wounded.
The iguana bites you.
* * * LOW HITPOINT WARNING * * *
You feel better. The iguana bites you!
You die...

... #.## #..###
#####....#### #
#<.##...##.<# #
##.#.h.#...#...#.#
...##l'#...#'.##.#
#..###....)###..#
#..............#
#......♣.......#
#..............#
#####.....###..#
##.'#...#'.##.#
#...#...#...#.#


You could see an iguana.

Vanquished Creatures
  An adder (D:2)
  5 bats
  4 endoplasms
  3 giant cockroaches
  2 goblins
  2 hobgoblins (D:2)
  4 kobolds
  2 quokkas
  2 ball pythons
  3 frilled lizards
  5 rats
33 creatures vanquished.

Notes
Turn   | Place    | Note
-------+----------+-------------------------------------------
     0 | D:1      | inmateoo the Ogre Air Elementalist began the quest for the
                  | Orb.
     0 | D:1      | Reached XP level 1. HP: 16/16 MP: 3/3
   248 | D:1      | Reached XP level 2. HP: 17/26 MP: 1/5
   370 | D:1      | Reached skill level 1 in Fighting
   444 | D:1      | Reached skill level 3 in Spellcasting
  1037 | D:2      | Reached skill level 1 in Unarmed Combat
  1037 | D:2      | Reached XP level 3. HP: 30/35 MP: 4/7
  2013 | D:2      | Noticed an ogre
  2179 | D:3      | Slain by an iguana

Illustrated notes

Levels and vault maps discovered:
D:1:      nzn_arrival_depleted_hourglass, layout_basic, amcnicky_mini_pool_small
D:2:      layout_loops_ring
D:3:      layout_rooms, grunt_ministairs_6

Skill      XL: |  1  2  3 |
---------------+----------+-----
Fighting       | 1 2 |  2.3
Spellcasting   | 3 |  3.0
Unarmed Combat | 1 |  1.4
Dodging        | |  1.7
Stealth        | |  1.4
Conjurations   | |  0.8
Air Magic      | |  2.6
Shapeshifting  | |  0.4

Action                     || total
---------------------------++-------
  Melee: Whip              ||    76
         Unarmed           ||   126
         Punch             ||     2
   Cast: Shock             ||    12
    Use: Scroll            ||     8
         Potion            ||     2
   Stab: Sleeping          ||     3
 Armour: Robe              ||    91
  Dodge: Dodged            ||   124
   Form: Beast             ||     1

Table legend: (Time is in decaauts)
 A = Elapsed time spent in this place.
 B = Non-inter-level travel time spent in this place.
 C = Inter-level travel time spent in this place.
 D = Time resting spent in this place.
 E = Time spent auto-exploring this place.
 F = Levels seen in this place.
 G = Mean time per level.
                   A        B        C        D        E       F      G
               +--------+--------+--------+--------+--------+-----+--------+
         Total |   2181 |   2110 |     71 |    316 |   1201 |   3 |  727.0 |
       Dungeon |   2181 |   2110 |     71 |    316 |   1201 |   3 |  727.0 |
               +--------+--------+--------+--------+--------+-----+--------+

Top non-repeatable levels by time:
     D:1: 1073 daAuts
     D:2: 1020 daAuts
     D:3: 87 daAuts
